cohdb
Replays
Latest Replays
All Replays
Popular Replays
Top Player Replays
Match Explorer
How It Works
Community
CoH3 Stats
Reddit
Sign in to upload your games and track your stats! →
Sign in with Steam
Match 41704089
Unlisted
Match 41704089
Overview
Messages
Build Orders
End
Construct Section Command Post
Vickers Machine Gun Team
Selects Air and Sea Battlegroup
Infantry Section
Infantry Section
Grenade Package
ML 3-inch Mortar Team
Selects Supply Surplus
Construct Field Infirmary
Construct Platoon Command Post
Selects Commando Section Paradrop
Selects M1 Pack Howitzer Paradrop
M1 Pack Howitzer Paradrop
Selects UNKNOWN (223837)
Commando Section Paradrop
Construct Company Command Post
Crusader II Medium Tank
Crusader II Medium Tank
Selects Assault Flares
Assault Flares
6-pounder Anti-tank Gun Team
Commando Section Paradrop
Assault Flares
Royal Engineer Section
Assault Flares
Selects Incendiary Bombing Run
Atomic Floyd
Microsoft Outlook
deadsadbadmad
catmeme71
PutinsAshes
bennybones8
0
0
Comments
sign in to comment!
No comments posted yet!